 Dungeon Crawl Stone Soup version 0.31.0-11-ge490571c62 (webtiles) character file.

Game seed: 1213067195938264467

36068 Aviak the Warrior (level 13, -3/115 HPs)
             Began as a Demonspawn Fire Elementalist on Jan 26, 2024.
             Was a Follower of Jiyva.
             Slain by a death yak (20 damage)
             ... on level 5 of the Lair of Beasts.
             The game lasted 00:39:38 (16929 turns).

Aviak the Warrior (Demonspawn Fire Elementalist)   Turns: 16929, Time: 00:39:38

Health: -3/115     AC: 15    Str: 16    XL:     13   Next: 51%
Magic:  16/23      EV: 16    Int: 19    God:    Jiyva [*.....]
Gold:   1173       SH:  0    Dex: 14    Spells: 12/26 levels left

rFire   + . .        H - +0 demon whip (venom)
rCold   . . .        (no shield)
rNeg    . . .        K - +0 steam dragon scales
rPois   .            (helmet restricted)
rElec   .            e - +0 cloak "Forget-Me-Not" {Slay+6}
rCorr   .            p - +2 pair of gloves
SInv    .            B - +0 pair of boots
Will    .....        q - amulet of magic regeneration
Stlth   ++           l - ring of wizardry
HPRegen 2.19/turn    J - +6 ring of strength
MPRegen 0.98/turn

%: wizardry (x1)
@: invisible
A: antennae 1, molten scales 3, powered by death 2
a: Renounce Religion


You were on level 5 of the Lair of Beasts.
You worshipped Jiyva.
Jiyva was aware of your devotion.
You visited 3 branches of the dungeon, and saw 15 of its levels.
You also visited: Sewer.

You collected 1407 gold pieces.
You spent 234 gold pieces at shops.

Inventory:

Hand Weapons
 u - a +2 dagger of electrocution
 H - a +0 demon whip of venom (weapon)
Missiles
 w - a throwing net {!f}
Armour
 e - the +0 cloak "Forget-Me-Not" (worn) {Slay+6}
   (You acquired it on level 4 of the Lair of Beasts)

   Slay+6:    It affects your accuracy & damage with ranged weapons and melee
   (+6).
 p - a +2 pair of gloves (worn)
 B - a +0 pair of boots (worn)
 E - a +0 robe of willpower
 K - +0 steam dragon scales (worn)
Jewellery
 l - a ring of wizardry (left hand)
 q - an amulet of magic regeneration (around neck)
 v - a ring of willpower
 A - a +4 ring of protection
 J - a +6 ring of strength (right hand)
 P - an amulet of guardian spirit
Wands
 I - a wand of paralysis (8)
 M - a wand of flame (8)
 Q - a wand of polymorph (4)
 R - a wand of mindburst (9)
Scrolls
 a - 2 scrolls of revelation
 j - 2 scrolls of vulnerability {!r}
 k - 2 scrolls of enchant armour
 m - 3 scrolls of noise {!r!r}
 t - 3 scrolls of teleportation
 x - 2 scrolls of blinking
 y - 3 scrolls of fear
 G - 2 scrolls of amnesia
 L - 2 scrolls of enchant weapon {unknown}
 O - a scroll of immolation {unknown}
Potions
 b - a potion of magic
 c - 2 potions of curing
 d - 2 potions of might
 f - 3 potions of haste
 g - a potion of resistance
 h - a potion of heal wounds
 n - 5 potions of lignification {!q}
 o - 3 potions of enlightenment
 r - 2 potions of attraction
 z - a potion of invisibility
 C - 2 potions of brilliance
 D - 5 potions of degeneration {!q!q}
 F - 6 potions of mutation {!q}
 N - 2 potions of ambrosia


   Skills:
 - Level 15.1 Fighting
 - Level 7.0 Maces & Flails
 - Level 4.0 Armour
 - Level 9.0 Dodging
 - Level 2.4 Stealth
 - Level 7.0 Spellcasting
 - Level 4.0 Conjurations
 + Level 7.7 Fire Magic
 - Level 5.0 Alchemy


You had 12 spell levels left.
You knew the following spells:

 Your Spells              Type           Power      Damage    Failure   Level
a - Foxfire               Conj/Fire      100%       2x1d9     1%          1
b - Scorch                Fire           72%        2d8       1%          2
c - Flame Wave            Conj/Fire      29%        2d9       3%          4
e - Sticky Flame          Fire/Alch      30%        2d7       3%          4
g - Inner Flame           Hex/Fire       21%        N/A       2%          3

Your spell library contained the following spells:

 Spells                   Type           Power      Damage    Failure   Level
 Volatile Blastmotes      Fire/Tloc      42%        2d13      2%          3
 Slow                     Hex            24%        N/A       4%          1
 Call Imp                 Summ           12%        N/A       6%          2
 Ensorcelled Hibernation  Hex/Ice        12%        N/A       6%          2
 Sublimation of Blood     Necr           6%         N/A       6%          2
 Confusing Touch          Hex            6%         N/A       12%         3
 Fugue of the Fallen      Necr           6%         N/A       12%         3
 Sigil of Binding         Hex            6%         N/A       12%         3
 Vampiric Draining        Necr           6%         2d6       12%         3
 Anguish                  Hex/Necr       3%         N/A       36%         4
 Animate Armour           Summ/Erth      12%        N/A       36%         4
 Summon Lightning Spire   Summ/Air       6%         N/A       36%         4
 Lee's Rapid Deconstruct  Erth           3%         3d5*      69%         5
 Summon Forest            Summ/Tloc      3%         N/A       69%         5
 Summon Mana Viper        Hex/Summ       6%         N/A       69%         5
 Summon Cactus Giant      Summ           3%         N/A       99%         6
 Summon Hydra             Summ           3%         N/A       100%        7


Dungeon Overview and Level Annotations

Branches:
Dungeon (9/15)             Temple (1/1) D:6            Lair (5/5) D:8
 Shoals (0/4) Lair:2       Spider (0/4) Lair:2        Slime (0/5) Lair:4
  Sewer (visited)
    Orc: D:9-12

Altars:
Ashenzari
Cheibriados
Dithmenos
Fedhas
Gozag
Hepliaklqana
Kikubaaqudgha
Makhleb
Nemelex Xobeh
Okawaru
Qazlal
Ru
Sif Muna
Trog
Uskayaw
Vehumet
Wu Jian
Yredelemnul
Jiyva

Shops:
D:4 *   D:5 ?!:

Annotations:
D:9 1 runed translucent door, mohammadb5305's ghost, journeyman DjCj


Innate Abilities, Weirdness & Mutations

You have a pair of small antennae on your head.
You are completely covered in molten scales. (AC +4, rF+)
You regenerate health from kills.


Message History

* * * LOW HITPOINT WARNING * * *
You feel sick.
You fade into invisibility!
You feel sick. The yak gores you but does no damage.
You catch the helpless cane toad completely off-guard!
You hit the cane toad.
The cane toad is almost dead.
You feel sick. The yak barely misses you. The cane toad closely misses you.
The death yak completely misses you.
You catch the helpless cane toad completely off-guard!
You hit the cane toad.
The cane toad is poisoned.
The cane toad is almost dead.
The yak misses you. The death yak closely misses you.
Casting: Sticky Flame (mildly dangerous; 3% risk of failure)
Confirm with . or Enter, or press ? or * to list all spells.
Casting: Flame Wave (dangerous; 4% risk of failure)
Press: ? - help, Dir - look around, f - activate A wave of flame ripples out!
The flame wave engulfs the yak!
The yak is moderately wounded.
The flame wave engulfs the yak.
The yak is lightly wounded.
The flame wave engulfs the death yak.
The death yak is moderately wounded. (Press . to intensify the flame waves.)
You feel sick.
You feel a bit more experienced. The yak closely misses you. The yak gores you.
* * * LOW HITPOINT WARNING * * *
The death yak misses you.
A wave of flame ripples out!
The flame wave engulfs the yak!
The yak is severely wounded.
The flame wave engulfs the yak!
The yak is moderately wounded.
The flame wave engulfs the death yak.
The death yak is moderately wounded.
You feel sick.
You are no longer poisoned.
The yak barely misses you. The yak gores you!
* * * LOW HITPOINT WARNING * * *
The death yak gores you!!
You die...

.....P......<..# .....#....†...##
..............# ..#........†..#
.##P.P........# .###..........#
..###.[ .# #.P..†.....# ##
#........
.###.#.........#######.##P.......
..##...........#@#.#.##..........
......#........YYY...............
≈.#P.............................
≈..................8.............
§......##.................8......
≈.....#...#..........8...........
≈.......................8†...####
...#P.###.P.........8......###
..######P..#....###......###


You could see a death yak (unable to see you) and 2 yaks.

Vanquished Creatures
  Snorg (Lair:4)
  A catoblepas (Lair:5)
  A hydra (Lair:2)
  Erica (D:8)
  6 death yaks
  Amaemon (D:7)
  3 skysharks (Lair:5)
  2 manticores (Lair:5)
  6 black mambas
  17 cane toads
  An orange demon (D:8)
  6 komodo dragons
  2 rime drakes
  3 polar bears
  Prince Ribbit (D:7)
  29 blink frogs
  A slime creature (Lair:4)
  2 culicivoras (Lair:2)
  3 wyverns
  18 yaks
  3 steam dragons
  3 basilisks
  14 water moccasins
  3 orc warriors
  3 black bears
  An ice beast (D:5)
  2 ogres
  10 wolves
  5 centaurs
  8 kobold brigands
  13 bullfrogs
  A scorpion (D:7)
  16 wights
  4 killer bees (D:7)
  4 electric eels
  4 howler monkeys
  A hound (D:5)
  8 jellies
  A gnoll bouda (D:7)
  An orc priest (D:7)
  Crazy Yiuf (D:3)
  3 sleepcaps
  An iguana (D:6)
  Natasha (thrice) (D:4)
  8 orc wizards
  21 hell rats
  4 gnolls
  7 adders
  7 river rats
  A shadow imp (D:6)
  2 ufetubi (D:5)
  4 ribbon worms
  2 dart slugs (D:3)
  34 orcs
  9 ball pythons
  4 bats
  17 endoplasms
  4 giant cockroaches
  9 goblins
  6 hobgoblins
  6 jackals
  4 quokkas
  5 frilled lizards
  25 kobolds
  23 rats
420 creatures vanquished.

Vanquished Creatures (collateral kills)
  2 foxfires (Lair:1)
2 creatures vanquished.

Vanquished Creatures (others)
  A jelly (Lair:5)
  153 foxfires
154 creatures vanquished.

Grand Total: 576 creatures vanquished

Notes
Turn   | Place    | Note
-------+----------+-------------------------------------------
     0 | D:1      | Aviak the Demonspawn Fire Elementalist began the quest for
                  | the Orb.
     0 | D:1      | Reached XP level 1. HP: 13/13 MP: 3/3
   236 | D:1      | Gained mutation: You regenerate a little health from kills.
                  | [demonic ancestry]
   236 | D:1      | Reached XP level 2. HP: 19/19 MP: 1/5
   247 | D:1      | Learned a level 2 spell: Scorch
   519 | D:1      | Gained mutation: You have a pair of small antennae on your
                  | head. [demonic ancestry]
   519 | D:1      | Reached XP level 3. HP: 24/24 MP: 1/6
  1251 | D:2      | Gained mutation: You are partially covered in molten
                  | scales. (AC +2) [demonic ancestry]
  1251 | D:2      | Reached XP level 4. HP: 30/30 MP: 0/7
  1411 | D:2      | Learned a level 4 spell: Sticky Flame
  2628 | D:3      | Noticed an ogre
  2634 | D:3      | Killed an ogre
  2635 | D:3      | Reached skill level 1 in Alchemy
  2635 | D:3      | Gained mutation: You are mostly covered in molten scales.
                  | (AC +3) [demonic ancestry]
  2635 | D:3      | Reached XP level 5. HP: 35/35 MP: 0/9
  3114 | D:3      | Found an ornate altar of the Wu Jian Council.
  3215 | D:3      | Found a runed translucent door.
  3216 | D:3      | Noticed Crazy Yiuf
  3820 | D:3      | Killed Crazy Yiuf
  3821 | D:3      | Reached XP level 6. HP: 36/41 MP: 3/10
  4014 | D:4      | Noticed Natasha
  4019 | D:4      | Killed Natasha
  4298 | D:4      | Noticed Natasha
  4305 | D:4      | Killed Natasha
  4553 | D:4      | Noticed Natasha
  4569 | D:4      | Killed Natasha
  4570 | D:4      | Reached skill level 1 in Fighting
  4732 | D:4      | Found Leppil's Overcharged Wands.
  4938 | D:4      | Found a hide-covered altar of Uskayaw.
  5052 | D:5      | Entered Level 5 of the Dungeon
  5068 | D:5      | Reached skill level 2 in Fighting
  5068 | D:5      | Reached XP level 7. HP: 51/51 MP: 7/11
  5103 | D:5      | Reached skill level 5 in Alchemy
  5275 | D:5      | Reached skill level 3 in Fighting
  5297 | D:5      | Reached skill level 4 in Fighting
  5468 | D:5      | Found a basalt altar of Yredelemnul.
  5525 | D:5      | Reached skill level 5 in Fighting
  5620 | D:5      | Found Riv Aps's Distillery.
  5622 | D:5      | Found Zyitwisk's Book Shop.
  5629 | D:5      | Bought a potion of invisibility for 104 gold pieces
  5629 | D:5      | Bought a potion of curing for 39 gold pieces
  5629 | D:5      | Bought a potion of curing for 39 gold pieces
  5629 | D:5      | Bought a potion of might for 52 gold pieces
  5934 | D:5      | Found Moakkin's Magic Scroll Shoppe.
  5940 | D:5      | Identified a scroll of acquirement
  6009 | D:6      | Gained mutation: You are completely covered in molten
                  | scales. (AC +4, rF+) [demonic ancestry]
  6009 | D:6      | Reached XP level 8. HP: 62/62 MP: 6/12
  6116 | D:6      | Found a staircase to the Ecumenical Temple.
  6134 | Temple   | Entered the Ecumenical Temple
  6140 | D:6      | Found a blossoming altar of Fedhas.
  6158 | D:6      | Reached skill level 6 in Fighting
  6158 | D:6      | Reached skill level 5 in Fire Magic
  6218 | D:6      | Reached skill level 7 in Fighting
  6276 | D:6      | Found a glowing drain.
  6310 | D:6      | Reached skill level 8 in Fighting
  6324 | Sewer    | Entered a sewer
  7029 | Sewer    | Reached XP level 9. HP: 63/75 MP: 11/13
  7405 | D:6      | Reached skill level 9 in Fighting
  7710 | D:7      | Noticed Prince Ribbit
  7713 | D:7      | Killed Prince Ribbit
  7950 | D:7      | Reached skill level 10 in Fighting
  8038 | D:7      | Learned a level 4 spell: Flame Wave
  8487 | D:8      | Noticed Amaemon
  8487 | D:8      | Noticed an orange demon
  8509 | D:7      | Killed Amaemon
  8699 | D:8      | Killed an orange demon
  8700 | D:8      | Reached skill level 1 in Maces & Flails
  8700 | D:8      | Reached skill level 5 in Dodging
  8700 | D:8      | Reached XP level 10. HP: 50/86 MP: 7/16
  9075 | D:8      | Found an ancient bone altar of Kikubaaqudgha.
  9146 | D:8      | Noticed Erica
  9152 | D:8      | Killed Erica
  9366 | D:8      | Found a staircase to the Lair.
  9776 | D:9      | Found a shimmering blue altar of Sif Muna.
  9776 | D:9      | Found a burning altar of Makhleb.
  9796 | D:9      | Reached skill level 11 in Fighting
  9856 | D:9      | Found a runed translucent door.
  9874 | D:9      | Noticed mohammadb5305's ghost (journeyman DjCj)
 10239 | Lair:1   | Entered Level 1 of the Lair of Beasts
 10310 | Lair:1   | Reached skill level 12 in Fighting
 10310 | Lair:1   | Reached XP level 11. HP: 65/95 MP: 17/17
 10928 | Lair:1   | Reached skill level 13 in Fighting
 11941 | Lair:2   | You fall into a shaft and drop 1 floor!
 11965 | Lair:3   | Learned a level 3 spell: Inner Flame
 12067 | Lair:3   | Reached skill level 14 in Fighting
 12661 | Lair:2   | Reached skill level 15 in Fighting
 12712 | Lair:2   | Noticed a six-headed hydra
 12720 | Lair:2   | Killed a six-headed hydra
 12799 | Lair:2   | Found a staircase to the Shoals.
 12879 | Lair:2   | Reached XP level 12. HP: 95/109 MP: 15/18
 12949 | Lair:2   | Found a hole to the Spider Nest.
 13305 | Lair:3   | Reached skill level 5 in Maces & Flails
 14399 | Lair:4   | Noticed a death yak
 14418 | Lair:3   | Killed a death yak
 15036 | Lair:4   | Noticed Snorg
 15062 | Lair:4   | Killed Snorg
 15063 | Lair:4   | Reached skill level 1 in Armour
 15201 | Lair:4   | Acquired 421 gold pieces
 15272 | Lair:4   | Acquired the +0 cloak "Forget-Me-Not" {Slay+6}
 15430 | Lair:4   | Found a staircase to the Slime Pits.
 15431 | Lair:4   | Found a viscous altar of Jiyva.
 15436 | Lair:4   | Became a worshipper of Jiyva Jupa the Shapeless
 16099 | Lair:5   | Entered Level 5 of the Lair of Beasts
 16339 | Lair:5   | Gained mutation: You regenerate health from kills. [demonic
                  | ancestry]
 16339 | Lair:5   | Reached XP level 13. HP: 78/115 MP: 4/20
 16384 | Lair:5   | Reached skill level 5 in Spellcasting
 16636 | Lair:5   | Reached * piety under Jiyva
 16929 | Lair:5   | Slain by a death yak

Illustrated notes

Levels and vault maps discovered:
D:1:      sevenhm_arrival_forest_fort_large_4, layout_loops_ring
D:2:      layout_basic
D:3:      kb_forest_paths, layout_basic, nzn_wu_jian_council_hall,
          uniq_crazy_yiuf_cottage
D:4:      layout_gridville, mainiacjoe_overflow_alcove_2, corner_web_ring,
          nicolae_shop_overcharged_wands, uniq_natasha
D:5:      layout_loops_corners, mainiacjoe_overflow_chevrons, serial_shops,
          shop, nicolae_stop_n_shop_1, shop
D:6:      layout_loops_ring, fedhas_altar_3, minmay_temple_entry_wispy,
          cheibrodos_sewer_entry_sluice, minmay_liquid_box,
          minmay_misc_feat_cross
D:7:      layout_cave_pools, uniq_prince_ribbit1
D:8:      layout_cave_pools, kiku_gazebo_garden_becter, david_lair_shrubbed,
          uniq_amaemon, uniq_erica
D:9:      layout_basic, jmf_multi_god_temple, gammafunk_ghost_grave,
          blue_anna_alchemist, nicolae_concentric_dashed_squares_mild
Temple:   nicolae_temple_ecumenical_triangle
Lair:1:   layout_regular_city, st_stairs_5, serial_bayou_lake_a,
          lemuel_fruit_tree
Lair:2:   layout_cellular_growth, shoals_dummy_entry,
          spider_nest_entry_funnel_web, serial_bayou_shore_b
Lair:3:   layout_cave_pods, grunt_megastairs_1
Lair:4:   layout_cave_pods, minmay_slime_entry_pillars,
          kennysheep_abandoned_house, lemuel_fruit_fields, uniq_snorg
Lair:5:   evilmike_catoblepas_cave, layout_gridlike

Skill      XL: |  1  2  3  4  5  6  7  8  9 10 11 12 13 |
---------------+----------------------------------------+-----
Stealth        | 2 |  2.4
Dodging        | 2 5 6 8 9 |  9.0
Fire Magic     | 3 4 5 6 7 |  7.7
Conjurations   | 2 4 |  4.0
Spellcasting   | 3 4 7 |  7.0
Alchemy        | 1 2 4 5 |  5.0
Fighting       | 2 5 8 10 12 15 | 15.1
Maces & Flails | 1 4 7 |  7.0
Armour         | 3 4 |  4.0

Action                     |  1- 3 |  4- 6 |  7- 9 | 10-12 | 13-15 || total
---------------------------+-------+-------+-------+-------+-------++-------
  Melee: Trident           |    47 |    26 |       |       |       ||    73
         Unarmed           |     5 |       |       |       |       ||     5
         Punch             |     2 |       |       |     2 |     2 ||     6
         Dagger            |       |     9 |   118 |       |       ||   127
         Demon whip        |       |       |       |   248 |    62 ||   310
   Cast: Foxfire           |     7 |    17 |    46 |    18 |       ||    88
         Scorch            |    19 |    77 |   130 |   114 |    13 ||   353
         Sticky Flame      |       |       |    21 |    91 |    30 ||   142
         Flame Wave        |       |       |       |    27 |     8 ||    35
  Evoke: Wand              |       |       |       |     2 |       ||     2
    Use: Scroll            |       |       |     8 |     8 |     4 ||    20
         Potion            |       |       |     3 |     3 |     2 ||     8
   Stab: Sleeping          |     2 |     5 |     2 |       |       ||     9
         Distracted        |       |     1 |       |     1 |       ||     2
         Paralysed         |       |       |       |     6 |       ||     6
         Invisible         |       |       |       |       |     2 ||     2
 Armour: Robe              |    26 |    37 |   156 |    22 |       ||   241
         Steam dragon scal |       |       |       |   358 |   113 ||   471
  Dodge: Dodged            |    39 |    49 |   135 |   368 |   119 ||   710
